Zazza, neutral female human Tourist ---- --- --- --..| ---- ---.-- |.------- |.^.|----- |..|--....-- |..Y--..-------------------- ---.----...-- |..--......|--...@B.....................--|...||......-- ---- ---------..........||...----..---...----..-......--.-.-|.......-- |..| |................----...| ---.......---...|...........|--......| --..| |..-------------.||.....| |...........--|...........| |......| |...| |.-- |.--.-->.| --.|........| ---.......--- |......| ---.--- |.| ---....||..-- -----......-- --.....------.--..-- |...| |.| ----....---|...-- ---- ----....| --............|---- ---.--- |.| --.......| |....| |..| |...-- --......-.------ --...| |.| --........| |....---..-- --.-- |...........| -------...-| |.| |.........| |.--.......|-------- --.<......|.--- --..||......----- |.-- --........| |.|--......--.|.-- --.......|...---...--..........-- |..-- --.......| |.| ---..........| ----.........................-....-- |...| |..^....| |.--- |.........-------.|......---.........%.............| |-..-- ---.....| |...--|.........| |..........--- |..............--......-- |....| ---.--- |....||......|.-- |....|.--.-- ---..........------...-- --..-- --- ---.-------.---- --.-------- ---.---.---- ----- ---- --- --- --- --- --- Zazza the Sightseer Experience level: 5 Strength: 10 Dexterity: 13 Constitution: 17 Intelligence: 13 Wisdom: 11 Charisma: 18 Health: 0(41) Energy: 14(19) Def: 0 Gold: 155 Moves: 5580 Dungeon seed: tmErgpr1ozWmwXI- Game ID: Zazza_1575743771 Your Inventory: Coins $ - 155 gold pieces Weapons a - 21 +2 darts p - 4 cursed -1 daggers (wielded) q - 30 +0 darts v - 2 +0 orcish daggers w - a +0 spear U - 2 poisoned +0 darts Armor e - an uncursed +0 dwarvish cloak f - an uncursed +0 dwarvish cloak (being worn) n - an uncursed +0 mummy wrapping A - an uncursed +0 mummy wrapping D - an uncursed +0 pair of iron shoes G - an uncursed +0 dwarvish cloak L - an uncursed +0 pair of iron shoes N - a cursed -1 dwarvish cloak Comestibles b - 3 uncursed food rations i - an uncursed egg K - an uncursed egg S - an uncursed pear T - 3 uncursed tripe rations Scrolls h - 3 uncursed scrolls of blank paper j - a blessed scroll of blank paper l - an uncursed scroll of light B - a cursed scroll of teleportation Z - a blessed scroll of earth Potions x - an uncursed potion of object detection J - an uncursed potion of levitation W - an uncursed potion of see invisible Rings t - a cursed ring of teleportation u - a cursed -1 ring of gain constitution C - a cursed -1 ring of increase damage V - a blessed +2 ring of gain constitution Wands H - a wand of speed monster (0:3) Y - a cursed wand of undead turning (0:8) Tools c - 6 uncursed tallow candles (0:200) d - 3 uncursed wax candles (0:400) g - an uncursed lock pick k - an uncursed skeleton key m - an expensive camera (0:64) o - a bag of tricks (0:17) z - an uncursed blindfold F - a cursed tallow candle (0:200) M - an uncursed oil lamp (lit) (0:400) Gems r - an uncursed worthless piece of yellow glass y - an uncursed worthless piece of blue glass E - an uncursed garnet stone P - an uncursed worthless piece of violet glass Q - an uncursed fluorite stone Spells and supernatural/magical abilities: Name Level Category Fail Memory n - detect monsters 1 divination 14% 77% s - slow monster 2 enchantment 95% 82% z - sleep 1 enchantment 14% 74% W - pray for help -- divine ? -- Your skills at the end: Fighting Skills Weapon Skills dagger [Basic] dart [Basic] Spellcasting Skills Final Attributes: You were piously aligned. You were poison resistant. You were telepathic. You were fast. You are dead. Vanquished creatures: 2 black puddings a blue jelly a gnome mummy an orc shaman a rock piercer a fog cloud a yellow light a violet fungus 4 gnome lords a gnomish wizard 2 kobold mummies an elf zombie a ghoul a paper golem 2 floating eyes 5 dwarves a kobold lord 4 hill orcs 2 rothes a rabid rat 2 giant bats a wererat an iguana 9 killer bees an acid blob 2 hobbits 2 manes a large kobold 2 giant rats 7 cave spiders a brown mold 3 yellow molds 2 green molds a red mold 15 gnomes 9 garter snakes 3 gnome zombies 3 geckos 6 jackals 2 foxes 2 kobolds 4 goblins 2 sewer rats 7 grid bugs 8 lichens 4 kobold zombies 8 newts 142 creatures vanquished. Voluntary challenges: You used a wielded weapon 87 times, starting on turn 649. You read items or engraved 22 times, starting on turn 219. You never genocided any monsters. You never polymorphed an object. You never changed form. You used no wishes. You split 1 pudding, starting on turn 2706. You wrote Elbereth's name 8 times, starting on turn 3725. You never violated your personal moral code. Dungeon overview: The Dungeons of Doom: levels 1 to 7 Level 1 some fountains a long staircase Level 2 an altar to The Lady, some fountains, a sink Level 3 a fountain stairs to The Gnomish Mines Level 4 a fountain Level 5 Level 6 many fountains Level 7 some fountains stairs to Sokoban The Gnomish Mines: levels 4 to 5 Level 4 stairs to The Dungeons of Doom Level 5 <- You were here Sokoban: Level 6 stairs to The Dungeons of Doom History has recorded: On T:1 you entered the Dungeons of Doom to retrieve the Amulet of Yendor! On T:538 you reached level 2 of The Dungeons of Doom. On T:559 you advanced to experience level 2. On T:1048 you reached level 3 of The Dungeons of Doom. On T:1848 you reached level 1 of The Gnomish Mines. On T:1851 you advanced to experience level 3. On T:1933 you advanced to experience level 4. On T:2920 you reached level 4 of The Dungeons of Doom. On T:3257 you reached level 5 of The Dungeons of Doom. On T:3519 you advanced to experience level 5. On T:3762 you reached level 6 of The Dungeons of Doom. On T:4187 you reached level 7 of The Dungeons of Doom. On T:4339 you reached level 4 of Sokoban. On T:5036 you reached level 2 of The Gnomish Mines. Score breakdown: Gold: 0 ( 0 points) Experience: 5 levels (11141 points) Exploration: 7 levels ( 13.73%) (10392 points) Discoveries: 8 items ( 2.68%) ( 4915 points) Valuables value: (no points given unless you survive) Artifact value: 0 ( 0 points) Variety of kills: 47 monsters ( 12.34%) (10536 points) Turncount: 5580 turns (-1516 points) Survival: died (score multiplied by 80%) Total score: 28374 Latest messages: The dart hits the giant bat. The giant bat bites! The dart misses the giant bat. The dart hits the giant bat. The giant bat bites! (2x) The dart hits the giant bat. The giant bat bites! (2x) You kill the giant bat! The dart misses the giant bat. The dart hits the giant bat. The giant bat bites! (2x) You die... Final status: Aloha Zazza the Tourist, killed by a giant bat... You died in The Gnomish Mines on dungeon level 5 with 28374 points, and 155 pieces of gold, after 5580 moves. You were level 5 with a maximum of 41 hit points when you died.